 Dungeon Crawl Stone Soup version 0.24-a0-217-g1152973720 (webtiles) character file.

Game seed: 6453044424929071764

478 Redear the Firebug (level 7, -5/46 HPs)
             Began as a Human Fire Elementalist on Mar 30, 2019.
             Killed from afar by Ijyb (7 damage)
             ... with a wand of flame (9)
             ... on level 3 of the Dungeon.
             The game lasted 00:07:50 (2434 turns).

Redear the Firebug (Human Fire Elementalist)        Turns: 2434, Time: 00:07:50

Health: -5/46      AC:  3    Str:  8    XL:     7   Next: 33%
Magic:  1/11       EV: 12    Int: 18    God:
Gold:   202        SH:  0    Dex: 13    Spells: 7/11 levels left

rFire    . . .     SeeInvis .   j - +1 mace (crush)
rCold    . . .     Gourm    .   (no shield)
rNeg     . . .     Faith    .   a - +0 robe
rPois    .         Spirit   .   l - +0 helmet
rElec    .         Reflect  .   (no cloak)
rCorr    +         Harm     .   (no gloves)
MR       .....                  (no boots)
Stlth    ++........             (no amulet)
HPRegen  0.15/turn              C - ring of resist corrosion
MPRegen  0.12/turn              k - ring of flight

@: very slightly contaminated
A: no striking features
a: Evoke Flight


You were on level 3 of the Dungeon.
You were not hungry.

You visited 1 branch of the dungeon, and saw 3 of its levels.

You collected 202 gold pieces.

Inventory:

Hand Weapons
 d - a +0 club
 j - a +1 mace of crushing (weapon)
 r - a +0 whip
Missiles
 Q - 62 stones (quivered)
Armour
 a - a +0 robe (worn)
 l - a +0 helmet (worn)
 q - a +1 leather armour of poison resistance
Jewellery
 k - a ring of flight (right hand)
 C - a ring of resist corrosion (left hand)
Wands
 p - a wand of polymorph (3)
 D - a wand of digging (6)
Scrolls
 f - 2 scrolls of teleportation {unknown}
 h - 4 scrolls of remove curse {unknown}
 n - 3 scrolls of identify {unknown}
 o - a scroll of enchant weapon {unknown}
Potions
 b - 2 potions of curing
 e - a potion of degeneration {unknown}
 g - a potion of magic {unknown}
 i - a potion of mutation {unknown}
 m - a potion of flight {unknown}
 t - a potion of ambrosia {unknown}
Comestibles
 c - 4 rations


   Skills:
 - Level 2.0 Dodging
 - Level 2.2 Stealth
 + Level 2.9 Spellcasting
 + Level 4.7 Conjurations
 + Level 5.6 Fire Magic


You had 7 spell levels left.
You knew the following spells:

 Your Spells              Type           Power        Failure   Level  Hunger
a - Flame Tongue          Conj/Fire      ###..        1%          1    None
c - Conjure Flame         Conj/Fire      ###.....     6%          3    ###....

Your spell library contained the following spells:

 Spells                   Type           Power        Failure   Level  Hunger
 Throw Flame              Conj/Fire      ###...       3%          2    ##.....
 Inner Flame              Hex/Fire       ##......     16%         3    ###....
 Sticky Flame             Conj/Fire      ###.....     21%         4    ####...
 Fireball                 Conj/Fire      ###.......   50%         5    ######.


Dungeon Overview and Level Annotations

Branches:
Dungeon (3/15)

Altars:
Trog

Annotations:
D:3 Ijyb


Message History

You take 4 damage, and have 16/46 hp.
Here: Ijyb, wearing a +1 chain mail of cold resistance and carrying a wand of flame (11) (heavily wounded)
The floor.
Unknown command.
You hit Ijyb but do no damage.
Ijyb zaps a wand.
The puff of flame hits you.
* * * LOW HITPOINT WARNING * * *
You take 6 damage, and have 10/46 hp.
Unknown command.
You feel better.
Ijyb zaps a wand.
The puff of flame hits you!
* * * LOW HITPOINT WARNING * * *
You take 5 damage, and have 5/46 hp.
You barely miss Ijyb. Ijyb hits you.
* * * LOW HITPOINT WARNING * * *
Ijyb zaps a wand.
The puff of flame hits you!
You die...

#.##.# #.........
##.##.###.....####
...........#########
#####.###..#####....
..................#
.####.......#.##...# .#
#.#...#.#.##.# # .#
#.#...#.#.##.#.#
.####.#.........@..#
................g.......
)####.#...#.#.###.#.####
............#.# .#.#
..............< .. .
.####.#.#.###... ... .
.# #.).................
.# #.....#...#.#...#..
.###......#.#


You could see Ijyb.

Levels and vault maps discovered:
D:1:      dpeg_arrival_court, layout_basic, hangedman_decor_opposing,
          minivault_24, minmay_close_crescents
D:2:      layout_loops_ring, lightli_temple_of_fire, uniq_robin, uniq_sigmund
D:3:      layout_basic, lemuel_round_altar, grunt_temple_overflow_diamond,
          chequers_ecumenical_altar_simple, minmay_splitting_lines,
          uniq_natasha, uniq_ijyb, uniq_grinder

Notes
Turn   | Place    | Note
-------+----------+-------------------------------------------
     0 | D:1      | Redear the Human Fire Elementalist began the quest for the
                  | Orb.
     0 | D:1      | Reached XP level 1. HP: 13/13 MP: 3/3
   144 | D:1      | Identified a +0 club
   181 | D:1      | Identified a ring of resist corrosion (You found it on
                  | level 1 of the Dungeon)
   243 | D:1      | Reached XP level 2. HP: 19/19 MP: 1/5
   442 | D:1      | Identified a +0 club
   467 | D:1      | Identified a +0 club
   546 | D:1      | Reached XP level 3. HP: 24/24 MP: 1/6
   870 | D:2      | HP: 5/24 [hobgoblin (4)]
   971 | D:2      | Identified a +0 club
   973 | D:2      | HP: 5/24 [goblin/+0 club (4)]
  1157 | D:2      | Learned a level 3 spell: Conjure Flame
  1172 | D:2      | Reached skill level 2 in Conjurations
  1188 | D:2      | Identified a +0 dagger
  1194 | D:2      | Identified a +0 club
  1200 | D:2      | HP: 6/24 [hound (5)]
  1201 | D:2      | Reached XP level 4. HP: 7/30 MP: 0/7
  1203 | D:2      | Identified a +0 club
  1204 | D:2      | Identified 2 potions of curing
  1205 | D:2      | HP: 7/30 [goblin/+0 club[Robin] (2)]
  1232 | D:2      | Reached skill level 4 in Fire Magic
  1268 | D:2      | Identified a ring of flight (You found it on level 2 of the
                  | Dungeon)
  1323 | D:2      | Identified a +0 club
  1323 | D:2      | Identified a +1 mace of crushing
  1323 | D:2      | Identified a +0 animal skin
  1323 | D:2      | Identified a +0 helmet
  1323 | D:2      | Noticed Robin
  1578 | D:2      | Reached XP level 5. HP: 30/35 MP: 8/8
  1588 | D:2      | Identified a +0 dagger
  1596 | D:2      | Killed Robin
  1596 | D:2      | Reached skill level 3 in Conjurations
  1854 | D:2      | Identified a +0 dagger
  1868 | D:2      | Identified a +0 club
  1925 | D:2      | Identified a +0 scythe
  1925 | D:2      | Identified a cursed +0 robe
  1925 | D:2      | Noticed Sigmund
  1934 | D:2      | Killed Sigmund
  1934 | D:2      | Reached skill level 4 in Conjurations
  1934 | D:2      | Reached skill level 5 in Fire Magic
  1934 | D:2      | Reached XP level 6. HP: 27/41 MP: 3/9
  2106 | D:2      | Found a bloodstained altar of Trog.
  2230 | D:3      | Identified a +0 morningstar
  2254 | D:3      | Identified a +0 whip
  2254 | D:3      | Identified a cursed +0 shield
  2333 | D:3      | Noticed Grinder
  2344 | D:3      | Killed Grinder
  2344 | D:3      | Reached XP level 7. HP: 31/46 MP: 3/11
  2418 | D:3      | Identified a +1 chain mail of cold resistance
  2418 | D:3      | Noticed Ijyb
  2432 | D:3      | HP: 10/46 [Ijyb/wand of flame (11) (6)]
  2434 | D:3      | HP: 2/46 [Ijyb (4)]
  2434 | D:3      | Killed from afar by Ijyb

Table legend:
 A = Turns spent in this place as a percentage of turns spent in the entire game.
 B = Non-inter-level travel turns spent in this place as a percentage of non-inter-level travel turns spent in the entire game.
 C = Inter-level travel turns spent in this place as a percentage of turns spent in this place.
 D = Turns resting spent in this place as a percentage of non-inter-level travel turns spent in this place.
 E = Turns spent auto-exploring this place as a percentage of non-inter-level travel turns spent in this place.
 F = Non-inter-level travel turns spent in this place divided by the number of levels of this place that you've seen.
                   A       B       C       D       E      F
               +-------+-------+-------+-------+-------+----------------------
         Total | 100.0 | 100.0 |   3.0 |  24.1 |  52.4 | 787.3
       Dungeon | 100.0 | 100.0 |   3.0 |  24.1 |  52.4 | 787.3
               +-------+-------+-------+-------+-------+----------------------

Table legend:
 A = Kills in this place as a percentage of kills in entire the game.
 B = Kills by you in this place as a percentage of kills by you in the entire game.
 C = Kills by friends in this place as a percentage of kills by friends in the entire game.
 D = Other kills in this place as a percentage of other kills in the entire game.
 E = Experience gained in this place as a percentage of experience gained in the entire game.
 F = Experience gained in this place divided by the number of levels of this place that you have seen.
                   A       B       C       D       E      F
               +-------+-------+-------+-------+-------+----------------------
         Total | 100.0 | 100.0 |   N/A |   N/A | 100.0 | 228.0
       Dungeon | 100.0 | 100.0 |   N/A |   N/A | 100.0 | 228.0
               +-------+-------+-------+-------+-------+----------------------

Skill      XL: |  1  2  3  4  5 |
---------------+----------------+-----
Conjurations   | 2 4 |  4.7
Fire Magic     | 4 5 |  5.6
Dodging        | |  2.0
Stealth        | |  2.2
Spellcasting   | |  2.9

Action                   |  1- 3 |  4- 6 |  7- 9 || total
-------------------------+-------+-------+-------++-------
Melee: Unarmed           |     9 |       |       ||     9
       Club              |    30 |    11 |       ||    41
       Mace              |       |     5 |     3 ||     8
 Cast: Flame Tongue      |    40 |    53 |    13 ||   106
  Use: Potion            |       |     1 |     1 ||     2
 Stab: Sleeping          |     1 |       |       ||     1
  Eat: Chunk             |     1 |     5 |       ||     6
Armor: Robe              |     7 |     5 |     2 ||    14
Dodge: Dodged            |    51 |    22 |     2 ||    75

Vanquished Creatures
  Grinder (D:3)
  Sigmund (D:2)
  A hound (D:2)
  Robin (D:2)
  5 adders
  An ooze (D:2)
  2 worms (D:2)
  A dart slug (D:1)
  A leopard gecko (D:2)
  An orc (D:3)
  3 giant cockroaches
  9 goblins
  9 hobgoblins
  A jackal (D:1)
  2 kobolds
  4 bats
  A frilled lizard (D:1)
  6 rats
50 creatures vanquished.
